 Dungeon Crawl Stone Soup version 0.28.0 (webtiles) character file.

Game seed: 9042375111067571923

17033 coolio the Zephyrmancer (level 12, -2/59 HPs)
             Began as a Tengu Air Elementalist on Feb 8, 2022.
             Was a Believer of Vehumet.
             Slain by a +11 flail of the Vine {chaos, Will+ Str+3} (13 damage)
             ... on level 2 of the Lair of Beasts.
             The game lasted 00:29:21 (15046 turns).

coolio the Zephyrmancer (Tengu Air Elementalist)   Turns: 15046, Time: 00:29:23

Health: -2/59      AC:  4    Str:  9    XL:     12   Next: 43%
Magic:  26/26      EV: 18    Int: 20    God:    Vehumet [**....]
Gold:   624        SH:  0    Dex: 15    Spells: 11/30 levels left

rFire   . . .      SeeInvis +   D - staff of conjuration
rCold   . . .      Faith    .   (no shield)
rNeg    . . .      Spirit   .   l - +2 robe {Will+}
rPois   .          Reflect  .   (helmet restricted)
rElec   .          Harm     .   (no cloak)
rCorr   .          Rampage  .   (no gloves)
Will    +....                   (boots unavailable)
Stlth   ++........              G - amulet of magic regeneration
HPRegen 0.19/turn               t - +4 ring of slaying
MPRegen 0.60/turn               f - ring of see invisible

@: lethally poisoned (-2 -> -20), about to teleport, flying quickly and
evasively, quick
A: beak, talons 3, nimble flight
a: Renounce Religion


You were on level 2 of the Lair of Beasts.
You worshipped Vehumet.
Vehumet was pleased with you.
You visited 3 branches of the dungeon, and saw 12 of its levels.
You also visited: Ossuary.

You collected 663 gold pieces.
You spent 39 gold pieces at shops.

Inventory:

Hand Weapons
 q - a +2 whip of electrocution
Missiles
 d - 13 poisoned darts (quivered)
Armour
 l - a +2 robe of willpower (worn)
 u - a +2 kite shield
 F - a +0 buckler
Magical Staves
 D - a staff of conjuration (weapon)
Jewellery
 f - a ring of see invisible (right hand)
 t - a +4 ring of slaying (left hand)
 E - a ring of resist corrosion
 G - an amulet of magic regeneration (around neck)
Wands
 b - a wand of acid (6)
 p - a wand of iceblast (14)
 r - a wand of flame (18)
 s - a wand of paralysis (13)
 A - a wand of polymorph (19)
Scrolls
 a - 4 scrolls of enchant weapon
 h - 2 scrolls of teleportation
 i - 3 scrolls of immolation
 w - a scroll of enchant armour
 y - 2 scrolls of blinking {unknown}
 B - a scroll of fog
Potions
 c - 3 potions of brilliance
 e - 2 potions of mutation
 k - a potion of might {unknown}
 m - a potion of resistance {unknown}
 n - 3 potions of attraction
 o - a potion of degeneration {unknown}
 v - a potion of lignification {unknown}
 x - 3 potions of ambrosia
 z - 2 potions of curing
 C - 3 potions of haste


   Skills:
 - Level 6.9 Dodging
 - Level 2.0 Stealth
 * Level 9.9 Spellcasting
 * Level 13.6 Conjurations
 * Level 6.8 Fire Magic
 * Level 14.0 Air Magic


You had 11 spell levels left.
You knew the following spells:

 Your Spells              Type           Power      Damage    Failure   Level
a - Shock                 Conj/Air       100%       1d9       1%          1
b - Static Discharge      Conj/Air       78%        N/A       1%          2
c - Swiftness             Air            60%        N/A       1%          3
d - Airstrike             Air            30%        N/A       1%          4
e - Flame Wave            Conj/Fire      66%        2d12      1%          4
f - Lightning Bolt        Conj/Air       39%        1d57      1%          5

Your spell library contained the following spells:

 Spells                   Type           Power      Damage    Failure   Level
 Searing Ray              Conj           100%       2d8       1%          2
 Corpse Rot               Necr/Air       76%        N/A       1%          2
 Scorch                   Fire           74%        2d8       1%          2
 Stone Arrow              Conj/Erth      100%       3d13      1%          3
 Conjure Ball Lightning   Conj/Air       39%        3x3d13    3%          6
 Pain                     Necr           36%        1d5       7%          1
 Sandblast                Erth           18%        2d7       7%          1
 Passwall                 Tmut/Erth      7%         N/A       11%         2
 Tukima's Dance           Hex            9%         N/A       22%         3
 Anguish                  Hex/Necr       4%         N/A       56%         4
 Dispel Undead            Necr           9%         3d8       56%         4
 Passage of Golubria      Tloc           9%         N/A       56%         4
 Yara's Violent Unravell  Hex/Tmut       4%         3d4       89%         5
 Death Channel            Necr           4%         N/A       100%        6
 Summon Cactus Giant      Summ           4%         N/A       100%        6
 Haunt                    Necr/Summ      4%         N/A       100%        7
 Summon Hydra             Summ           4%         N/A       100%        7


Dungeon Overview and Level Annotations

Branches:
Dungeon (8/15)             Temple (1/1) D:7            Lair (3/6) D:8
  Snake (0/4) Lair:2      Ossuary (visited)
  Swamp: Lair:2-4    Shoals: Lair:2-4

Altars:
Ashenzari
Cheibriados
Dithmenos
Elyvilon
Fedhas
Gozag
Hepliaklqana
Kikubaaqudgha
Makhleb
Nemelex Xobeh
Okawaru
Qazlal
Ru
Sif Muna
Trog
Uskayaw
Vehumet
Wu Jian
Xom
Yredelemnul
Zin
The Shining One

Shops:
D:1 *

Annotations:
Lair:2 Joatin's ghost, journeyman GnFi


Innate Abilities, Weirdness & Mutations

You have a beak for a mouth.
You have claws for feet.
Your magical nature lets you fly swiftly and evasively.


Message History

The elephant tramples you!
* * * LOW HITPOINT WARNING * * *
You hold your ground!
The elephant trunk-slaps you.
* * * LOW HITPOINT WARNING * * *
The water moccasin barely misses you.
Unknown command.
You feel much better.
Your surroundings suddenly seem different.
Found 28 arrows.
You feel very sick.
Okay, then.
You feel sick.
Found a stone staircase leading up.
You feel sick.
You feel sick.
A bog body comes into view.
You feel sick.
You feel sick.
You feel sick.
You feel sick.
You are no longer poisoned.
There is a stone staircase leading up here.
You fly upwards.
Level annotation: 1 runed translucent door, Joatin's ghost, journeyman GnFi
There is a stone staircase leading down here.
HP restored.
You see here a +0 tower shield.
Joatin's ghost turns its malevolent gaze towards you.
Joatin's ghost whispers, "They're coming for you..."
Unknown command.
You reach down and open the door.
The +11 flail of the Vine {chaos, Will+ Str+3} hits you!
Unknown command.
As you read the scroll of teleportation, it crumbles to dust.
You feel strangely unstable.
The +11 flail of the Vine {chaos, Will+ Str+3} hits you!
You are poisoned.
The +11 flail of the Vine {chaos, Will+ Str+3} hits you!
* * * LOW HITPOINT WARNING * * *
You are electrocuted!
You die...

..♣♣P♣♣ ###''###############
.).♣♣P♣ #....#...#....†.'..#
......♣# #....#...#....#.#..#
.....♣.# #....#...#....#.####
.......# #....†...######....'
.......##########################
.................................
.................................
....>........###@................
............##/#(.............>..
............#._W.................
............##.#........########.
.............###......###......##
....................###...###....
..................###.†.###..###.
.................##....##...(..##
................##....##.[####..#


You could see a +11 flail of the Vine {chaos, Will+ Str+3} and Joatin's ghost.

Vanquished Creatures
  A hydra (Lair:2)
  3 death yaks
  Nergalle (Lair:2)
  Pikel (D:6)
  A deep elf pyromancer (D:8)
  3 black mambas
  8 cane toads
  2 rime drakes (Lair:2)
  A komodo dragon (Lair:2)
  5 polar bears
  3 blink frogs (Lair:2)
  Sigmund (D:3)
  4 wyverns
  A steam dragon (D:8)
  6 yaks
  A basilisk (D:8)
  2 nagas (Lair:2)
  5 water moccasins
  2 orc warriors
  3 black bears
  4 ice beasts
  A sky beast (D:5)
  7 wolves (Lair:2)
  2 ogres
  13 bullfrogs
  Blork the orc (D:4)
  3 scorpions
  A water moccasin zombie (D:5)
  2 water moccasin skeletons (D:5)
  13 killer bees (D:8)
  4 wights (D:6)
  A bullfrog zombie (D:5)
  2 centaur zombies (D:8)
  5 jellies
  3 orc priests (D:7)
  A centaur skeleton (D:7)
  2 gnoll shamans
  7 hounds
  2 bullfrog skeletons
  6 iguanas
  Natasha (thrice) (D:2)
  6 orc wizards
  A hound zombie (D:5)
  3 mummies (Ossuary)
  9 gnolls
  A howler monkey skeleton (D:5)
  11 adders
  2 shadow imps
  2 white imps (D:5)
  2 adder zombies (Ossuary)
  9 orcs
  6 endoplasms
  2 giant cockroaches
  3 goblins
  12 hobgoblins
  7 jackals
  8 kobolds
  3 quokkas
  4 ball pythons
  4 bats
  2 frilled lizards (D:1)
  2 goblin zombies (Ossuary)
  5 hobgoblin zombies (Ossuary)
  3 kobold zombies (Ossuary)
  5 quokka zombies (Ossuary)
  6 rats
  A rat zombie (Ossuary)
256 creatures vanquished.

Vanquished Creatures (others)
  11 fungi
  23 plants
34 creatures vanquished.

Grand Total: 290 creatures vanquished

Notes
Turn   | Place    | Note
-------+----------+-------------------------------------------
     0 | D:1      | coolio the Tengu Air Elementalist began the quest for the
                  | Orb.
     0 | D:1      | Reached XP level 1. HP: 10/10 MP: 4/4
   474 | D:1      | Reached XP level 2. HP: 15/15 MP: 4/6
   939 | D:1      | Reached XP level 3. HP: 19/19 MP: 1/7
   995 | D:1      | Found Heehim's General Store.
  1051 | D:1      | Bought a scroll of identify for 26 gold pieces
  1051 | D:1      | Bought a scroll of noise for 13 gold pieces
  1390 | D:2      | Found a faded altar of an unknown god.
  1423 | D:2      | Noticed Natasha
  1429 | D:2      | Killed Natasha
  1430 | D:2      | Reached XP level 4. HP: 24/24 MP: 2/9
  1594 | D:2      | Noticed Natasha
  1599 | D:2      | Killed Natasha
  1600 | D:2      | Reached skill level 5 in Air Magic
  1604 | D:2      | Gained mutation: Your magical nature lets you fly swiftly
                  | and evasively. [Tengu growth]
  1604 | D:2      | Reached XP level 5. HP: 19/28 MP: 3/10
  1895 | D:2      | Noticed Natasha
  1900 | D:2      | Killed Natasha
  1982 | D:2      | Learned a level 2 spell: Static Discharge
  1986 | D:2      | Learned a level 3 spell: Swiftness
  1991 | D:2      | Learned a level 4 spell: Airstrike
  2025 | D:3      | Noticed Sigmund
  2044 | D:3      | Killed Sigmund
  2045 | D:3      | Reached XP level 6. HP: 11/32 MP: 0/12
  2741 | D:4      | Reached skill level 6 in Air Magic
  2922 | D:4      | Found a broken altar of Ashenzari.
  3167 | D:4      | Noticed Blork the orc
  3173 | D:4      | Killed Blork the orc
  3174 | D:4      | Reached skill level 5 in Conjurations
  3174 | D:4      | Reached XP level 7. HP: 28/36 MP: 8/13
  3978 | D:5      | Entered Level 5 of the Dungeon
  4247 | D:5      | Reached skill level 7 in Air Magic
  4416 | D:5      | Reached XP level 8. HP: 41/41 MP: 7/16
  4658 | D:5      | Reached skill level 5 in Spellcasting
  5043 | D:5      | Reached skill level 8 in Air Magic
  5191 | D:5      | Reached skill level 5 in Dodging
  5232 | D:5      | Reached XP level 9. HP: 33/45 MP: 1/18
  5488 | D:5      | Got Susout's Collected Works on Creation and Stolen Souls
  5616 | D:6      | Reached skill level 9 in Air Magic
  5837 | D:6      | Noticed Pikel
  5841 | D:6      | Killed Pikel
  6035 | D:6      | Found a sand-covered staircase.
  6040 | Ossuary  | Entered an ossuary
  6965 | D:6      | Reached skill level 10 in Air Magic
  7605 | D:7      | Identified the +0 pair of boots of Courage {Contam Str+5}
  7642 | D:7      | Found a shimmering altar of Xom.
  7643 | D:7      | Found a shimmering altar of Xom.
  7645 | D:7      | Found a shimmering altar of Xom.
  7645 | D:7      | Found a shimmering altar of Xom.
  7646 | D:7      | Found a shimmering altar of Xom.
  7646 | D:7      | Found a shimmering altar of Xom.
  7647 | D:7      | Found a shimmering altar of Xom.
  7648 | D:7      | Found a shimmering altar of Xom.
  7649 | D:7      | Found a shimmering altar of Xom.
  7686 | D:7      | Reached XP level 10. HP: 50/50 MP: 14/21
  8018 | D:7      | Found a staircase to the Ecumenical Temple.
  8242 | D:7      | Reached skill level 10 in Conjurations
  8667 | Temple   | Entered the Ecumenical Temple
  8876 | Temple   | Became a worshipper of Vehumet
  9312 | D:8      | Found a staircase to the Lair.
  9410 | D:8      | Reached skill level 11 in Air Magic
 10322 | D:8      | Noticed a deep elf pyromancer
 10325 | D:8      | Killed a deep elf pyromancer
 10610 | D:8      | Found a hide-covered altar of Uskayaw.
 10610 | D:8      | Found a shimmering blue altar of Sif Muna.
 10617 | D:8      | Found a faded altar of an unknown god.
 10619 | D:8      | Found a bloodstained altar of Trog.
 10621 | D:8      | Found an opulent altar of Gozag.
 10656 | Lair:1   | Entered Level 1 of the Lair of Beasts
 10676 | Lair:1   | Learned a level 4 spell: Flame Wave
 10907 | Lair:1   | Noticed a cane toad
 10910 | Lair:1   | Killed a cane toad
 10911 | Lair:1   | Reached skill level 1 in Fire Magic
 10931 | Lair:1   | Noticed a black mamba
 10934 | Lair:1   | Killed a black mamba
 11107 | Lair:1   | Reached XP level 11. HP: 54/54 MP: 16/24
 11170 | Lair:1   | Got the Incunabulum of the Insatiable Ghosts
 11177 | Lair:1   | Learned a level 5 spell: Lightning Bolt
 11189 | Lair:1   | Reached skill level 12 in Air Magic
 11907 | Lair:2   | Reached * piety under Vehumet
 11907 | Lair:2   | Offered knowledge of Magic Dart by Vehumet.
 11926 | Lair:2   | Found a staircase to the Snake Pit.
 12840 | Lair:2   | Found a runed translucent door.
 12841 | Lair:2   | Found a shimmering altar of Xom.
 12841 | Lair:2   | Noticed Joatin's ghost (journeyman GnFi)
 12842 | Lair:2   | Identified the +11 flail of the Vine {chaos, Will+ Str+3}
 12842 | Lair:2   | Noticed a +11 flail of the Vine {chaos, Will+ Str+3}
 12883 | Lair:2   | Noticed Nergalle
 12888 | Lair:2   | Killed Nergalle
 12889 | Lair:2   | Reached skill level 5 in Fire Magic
 12889 | Lair:2   | Reached skill level 13 in Air Magic
 13324 | Lair:2   | Noticed a six-headed hydra
 13328 | Lair:2   | Killed a six-headed hydra
 13432 | Lair:2   | Reached XP level 12. HP: 36/59 MP: 13/26
 13904 | Lair:3   | Noticed a death yak
 13904 | Lair:3   | Noticed a death yak
 13912 | Lair:3   | Noticed a death yak
 13914 | Lair:2   | HP: 1/59 [yak (8)]
 14314 | Lair:2   | Killed a death yak
 14591 | Lair:3   | Killed a death yak
 14591 | Lair:3   | Reached ** piety under Vehumet
 14681 | Lair:2   | Killed a death yak
 14681 | Lair:2   | Offered knowledge of Searing Ray by Vehumet.
 14682 | Lair:2   | Reached skill level 14 in Air Magic
 15046 | Lair:2   | Slain by a +11 flail of the Vine {chaos, Will+ Str+3}

Illustrated notes

Levels and vault maps discovered:
D:1:      dpeg_arrival_signposts, layout_rooms, serial_shops, shop
D:2:      layout_rooms, ebering_ecumenical_altar_abandoned,
          kennysheep_decorative_pillar, hangedman_abyss_or_decor_stabs,
          kennysheep_generic_room_2, uniq_natasha
D:3:      layout_rooms, uniq_sigmund
D:4:      layout_basic, mainiacjoe_overflow_alcove_4, uniq_blork_the_orc
D:5:      minmay_chambers_of_threes, layout_rooms
D:6:      layout_layer_cave, enter_ossuary_5, minivault_14, nrook_campfire,
          solitary_fountain, uniq_pikel
D:7:      layout_basic, xom_redecorated, minmay_temple_entry_ruins
D:8:      layout_loops_corners, chequers_temple_overflow_minitemple,
          david_lair_generic, eino_jars
Temple:   nicolae_temple_elliptical
Lair:1:   layout_cave_pods, grunt_forest_stairs_basic, grunt_megastairs_3,
          lemuel_fruit_tree
Lair:2:   wad_woods_structure_01, layout_regular_city,
          guppyfry_snake_entry_island, ebering_ghost_xom, nzn_random_ring,
          uniq_nergalle
Lair:3:   layout_long_grid, skrybe_swamp_entry_bodies, gammafunk_ghost_cemetery,
          cheibrodos_lair_lostbears, uniq_fannar

Skill      XL: |  1  2  3  4  5  6  7  8  9 10 11 12 |
---------------+-------------------------------------+-----
Conjurations   | 2 3 4 5 6 7 9 11 12 13 | 13.6
Spellcasting   | 3 4 5 7 8 9 |  9.9
Air Magic      | 5 6 7 8 10 11 13 14 | 14.0
Dodging        | 3 4 5 6 |  6.9
Fire Magic     | 2 5 6 |  6.8
Stealth        | |  2.0

Action                   |  1- 3 |  4- 6 |  7- 9 | 10-12 || total
-------------------------+-------+-------+-------+-------++-------
Melee: Unarmed           |     3 |       |       |       ||     3
       Kick              |     1 |     1 |    16 |     3 ||    21
       Long sword        |     7 |     5 |       |       ||    12
       Peck              |     1 |     1 |     5 |     3 ||    10
       Whip              |       |       |    43 |    13 ||    56
       Staff             |       |       |       |     2 ||     2
Throw: Dart              |       |     1 |       |       ||     1
 Cast: Shock             |    59 |    70 |   255 |   119 ||   503
       Airstrike         |       |       |     6 |   116 ||   122
       Static Discharge  |       |       |     1 |       ||     1
       Lightning Bolt    |       |       |       |    24 ||    24
       Flame Wave        |       |       |       |     6 ||     6
Evoke: Wand              |       |     2 |     4 |     6 ||    12
  Use: Scroll            |     1 |     7 |     4 |     4 ||    16
       Potion            |       |     2 |     2 |     4 ||     8
Armor: Robe              |     5 |     3 |    10 |    20 ||    38
Dodge: Dodged            |    17 |    17 |    77 |   168 ||   279
